 Dungeon Crawl Stone Soup version 0.27-a0-1189-gb8eb6cee8e (webtiles) character file.

Game seed: 9720100464852728197

30 armax the Shield-Bearer (level 3, -4/33 HPs)
             Began as a Deep Dwarf Fighter on May 22, 2021.
             Slain by Sigmund
             ... wielding a +5 vorpal scythe
              (9 damage)
             ... on level 2 of the Dungeon.
             The game lasted 00:00:41 (525 turns).

armax the Shield-Bearer (Deep Dwarf Fighter)         Turns: 525, Time: 00:00:41

Health: -4/33      AC:  7    Str: 20    XL:     3   Next: 3%
Magic:  3/3        EV:  8    Int:  8    God:
Gold:   49         SH:  9    Dex: 12    Spells: 2/2 levels left

rFire    + . .     SeeInvis +   a - +0 war axe
rCold    . . .     Faith    .   c - +0 kite shield
rNeg     . . .     Spirit   .   e - +2 ring mail {rF+}
rPois    .         Reflect  .   (no helmet)
rElec    .         Harm     .   (no cloak)
rCorr    .         Rampage  .   (no gloves)
Will     .....                  (no boots)
Stlth    +.........             (no amulet)
HPRegen  0.00/turn              S - ring of see invisible
MPRegen  0.08/turn              (no ring)

@: no status effects
A: damage resistance, heal wounds, sense surroundings 1, no regeneration
a: Heal Wounds


You were on level 2 of the Dungeon.
You visited 1 branch of the dungeon, and saw 2 of its levels.

You collected 49 gold pieces.

Inventory:

Hand Weapons
 a - a +0 war axe (weapon)
Armour
 b - a +0 scale mail
 c - a +0 kite shield (worn)
 e - a +2 ring mail of fire resistance (worn)
Jewellery
 S - a ring of see invisible (left hand)
Scrolls
 g - a scroll of identify {unknown}
Potions
 d - a potion of might {@q3}
 f - a potion of curing {unknown}


   Skills:
 + Level 2.9 Fighting
 * Level 2.8 Axes
 + Level 3.5 Armour
 * Level 3.8 Shields


You had 2 spell levels left.
You didn't know any spells.
Your spell library was empty.

Dungeon Overview and Level Annotations

Branches:
Dungeon (2/15)

Altars:

Annotations:
D:2 Sigmund


Innate Abilities, Weirdness & Mutations

You are resistant to damage.
You can heal yourself by infusing magical energy.
You passively map a small area around you.
You do not regenerate.


Message History

No target in view!
No target in view!
No target in view!
No target in view!
(D) Dungeon
Where to? (Enter - D:2, ? - help)
There is an open door here.
There is a stone staircase leading down here.
You climb downwards.
An adder comes into view.
The adder hisses angrily.
Found a club.
There is a stone staircase leading up here.
You closely miss the adder. You block the adder's attack.
The adder barely misses you. The adder bites you.
You are poisoned.
The adder poisons you!
You closely miss the adder. You block the adder's attack.
The adder bites you but does no damage.
You closely miss the adder. The adder bites you but does no damage.
You block the adder's attack.
You slash the adder! The adder bites you.
You are more poisoned.
The adder poisons you! You block the adder's attack.
You closely miss the adder. The adder bites you but does no damage.
The adder bites you.
You closely miss the adder.
The adder bites you but does no damage. x2
You closely miss the adder. You block the adder's attack.
The adder barely misses you.
Your shield prevents you from hitting the adder.
You are no longer poisoned.
The adder bites you but does no damage. x2
You barely miss the adder. The adder bites you but does no damage.
The adder barely misses you.
You slash the adder!
You kill the adder!
You have reached level 3!
Your experience leads to an increase in your attributes!
Increase (s)trength, (i)ntelligence, or (d)exterity?
You feel stronger.
You see here a +0 club.
A rat comes into view.
Found a scroll labelled ZIZANU MEVEQEN.
A rat is nearby!
A rat is nearby!
A rat is nearby!
A rat is nearby!
You hit the rat. The rat bites you but does no damage.
The rat completely misses you.
You slash the rat!
You kill the rat!
No target in view!
No target in view!
No target in view!
No target in view!
No target in view!
No target in view!
No target in view!
No target in view!
No target in view!
No target in view!
You see here a rat corpse.
g - a scroll labelled ZIZANU MEVEQEN No target in view!
Sigmund the Dreaded comes into view.
He is wielding a +5 vorpal scythe and wearing a +2 robe of willpower.
Sigmund shouts!
Unknown command.
You block Sigmund's attack.
You slash Sigmund!
Sigmund hits you with a +5 vorpal scythe.
You block Sigmund's attack.
You closely miss Sigmund.
Sigmund hits you with a +5 vorpal scythe.
You barely miss Sigmund.
Sigmund hits you with a +5 vorpal scythe.
Sigmund hits you with a +5 vorpal scythe!
You are too injured to fight recklessly!
You are too injured to fight recklessly!
You are too injured to fight recklessly!
You are too injured to fight recklessly!
You are too injured to fight recklessly!
You are too injured to fight recklessly!
You are too injured to fight recklessly!
You are too injured to fight recklessly!
You are too injured to fight recklessly!
You are too injured to fight recklessly!
Unknown command.
You fail to use your ability.
You block Sigmund's attack.
Okay, then.
You fail to use your ability.
You block Sigmund's attack.
Your shield prevents you from hitting Sigmund.
Sigmund hits you with a +5 vorpal scythe.
* * * LOW HITPOINT WARNING * * *
You hit Sigmund but do no damage.
Sigmund hits you with a +5 vorpal scythe.
* * * LOW HITPOINT WARNING * * *
You block Sigmund's attack.
You hit Sigmund.
Sigmund hits you with a +5 vorpal scythe!
You die...

,, ,
, ,
#.#
*
*#.#
* *
#.#
#.#
*
#.#
#.#
*
*#.#
#.#
*
#@#
*
#@#
*
#.#
,
#.#
,
..#
###
* *
*


You could see Sigmund.

Vanquished Creatures
  An adder (D:2)
  3 ball pythons (D:1)
  2 bats (D:1)
  3 endoplasms (D:1)
  A giant cockroach (D:1)
  A goblin (D:1)
  4 hobgoblins (D:1)
  2 frilled lizards (D:1)
  A kobold (D:1)
  A rat (D:2)
19 creatures vanquished.

Vanquished Creatures (others)
  2 jackals (D:2)
2 creatures vanquished.

Grand Total: 21 creatures vanquished

Notes
Turn   | Place    | Note
-------+----------+-------------------------------------------
     0 | D:1      | armax the Deep Dwarf Fighter began the quest for the Orb.
     0 | D:1      | Reached XP level 1. HP: 20/20 MP: 1/1
   146 | D:1      | Reached XP level 2. HP: 22/27 MP: 2/2
   467 | D:2      | Reached XP level 3. HP: 24/33 MP: 3/3
   514 | D:2      | Noticed Sigmund
   525 | D:2      | Slain by Sigmund

Illustrated notes

Levels and vault maps discovered:
D:1:      saegor_arrival_under_anarchy, layout_basic
D:2:      layout_loops_ring, lemuel_flame_loot_1, uniq_sigmund

Action                   || total
-------------------------++-------
Melee: War axe           ||    64
Armor: Scale mail        ||     2
       Ring mail         ||    26
Dodge: Dodged            ||    16
Block: Kite shield       ||    32

Table legend: (Time is in decaauts)
 A = Elapsed time spent in this place.
 B = Non-inter-level travel time spent in this place.
 C = Inter-level travel time spent in this place.
 D = Time resting spent in this place.
 E = Time spent auto-exploring this place.
 F = Levels seen in this place.
 G = Mean time per level.
                   A        B        C        D        E       F      G
               +--------+--------+--------+--------+--------+-----+--------+
         Total |    562 |    543 |     19 |      0 |    368 |   2 |  281.0 |
       Dungeon |    562 |    543 |     19 |      0 |    368 |   2 |  281.0 |
               +--------+--------+--------+--------+--------+-----+--------+

Top non-repeatable levels by time:
     D:1: 480 daAuts
     D:2: 81 daAuts
